 Dungeon Crawl Stone Soup version 0.30.0-16-gbe6223bb7e (webtiles) character file.

Game seed: 15373968416507301325

56 mkat the Sneak (level 3, -28/21 HPs)
             Began as an Octopode Wanderer on May 20, 2023.
             Was an Initiate of Sif Muna.
             Killed by an exploding orc wizard (39 damage)
             ... ignited by their inner flame
             ... on level 3 of the Dungeon.
             The game lasted 00:05:18 (1402 turns).

mkat the Sneak (Octopode Wanderer)                  Turns: 1402, Time: 00:05:19

Health: -28/21     AC:  1    Str: 10    XL:     3   Next: 95%
Magic:  6/6        EV: 12    Int: 19    God:    Sif Muna [......]
Gold:   172        SH:  0    Dex: 15    Spells: 4/6 levels left

rFire   . . .        a - +2 dagger (heavy)
rCold   . . .        (no shield)
rNeg    + . .        (helmet restricted)
rPois   .            (no amulet)
rElec   .            g - +6 ring of intelligence
rCorr   .            n - ring of positive energy
SInv    .            (no ring)
Will    .....        (no ring)
Stlth   ++++         (no ring)
HPRegen 0.23/turn    (no ring)
MPRegen 0.10/turn    (no ring)
                     (no ring)

%: no passive effects
@: no status effects
A: almost no armour, amphibious, 8 rings, camouflage 1, gelatinous body 1,
(nimble swimmer 1), tentacles
a: Renounce Religion


You were on level 3 of the Dungeon.
You worshipped Sif Muna.
Sif Muna was noncommittal.
You visited 1 branch of the dungeon, and saw 3 of its levels.

You collected 172 gold pieces.

Inventory:

Hand Weapons
 a - a +2 heavy dagger (weapon)
 e - a +1 short sword of venom
 o - a +0 sling
Jewellery
 g - a +6 ring of intelligence (left tentacle)
 n - a ring of positive energy (right tentacle)
Scrolls
 c - 6 scrolls of teleportation
 i - a scroll of immolation
 j - a scroll of enchant weapon {unknown}
 k - a scroll of brand weapon
 l - a scroll of magic mapping {unknown}
 m - a scroll of vulnerability {unknown}
 p - a scroll of enchant armour {unknown}
Potions
 b - 2 potions of brilliance
 d - 3 potions of attraction
 f - a potion of haste {unknown}
 h - a potion of resistance {unknown}


   Skills:
 + Level 0.2 Fighting
 + Level 0.8 Short Blades
 + Level 7.0 Stealth
 + Level 2.0 Spellcasting
 + Level 3.2 Conjurations
 + Level 1.0 Invocations


You had 4 spell levels left.
You knew the following spells:

 Your Spells              Type           Power      Damage    Failure   Level
a - Kiss of Death         Conj/Necr      32%        2d7       9%          1
b - Magic Dart            Conj           56%        1d5       4%          1

Your spell library contained the following spells:

 Spells                   Type           Power      Damage    Failure   Level
 Call Imp                 Summ           2%         N/A       26%         2
 Mephitic Cloud           Conj/Pois/Air  6%         N/A       32%         3
 Summon Forest            Summ/Tloc      0%         N/A       99%         5
 Summon Mana Viper        Hex/Summ       1%         N/A       99%         5
 Summon Cactus Giant      Summ           0%         N/A       100%        6


Dungeon Overview and Level Annotations

Branches:
Dungeon (3/15)

Altars:
Sif Muna


Innate Abilities, Weirdness & Mutations

You cannot wear most types of armour.
You are amphibious.
You can wear up to eight rings at the same time.
Your skin changes colour to match your surroundings (Stealth+).
Your rubbery body absorbs attacks. (AC +1, EV +1)
((You are camouflaged when in or above water. (Stealth+)))
You have tentacles for arms and can constrict up to eight enemies at once.


Message History

An orc comes into view. It is wielding a +0 mace.
An adder comes into view.
The orc closely misses you.
The orc wizard shouts!
You hit the orc wizard. Your grab misses the orc wizard.
The orc wizard is moderately wounded.
You hear a shout!
You hear an angry hiss.
The orc barely misses you.
The orc wizard hits you with a +0 dagger.
The orc wizard gestures at you while chanting.
You resist with significant effort.
An orc comes into view. It is wielding a +0 short sword.
The orc hits you with a +0 mace!
You hit the orc wizard but do no damage.
You grab the orc wizard.
The orc wizard is moderately wounded.
You constrict the orc wizard. The orc misses you.
The orc wizard barely misses you.
You hit the orc wizard but do no damage.
The orc wizard is moderately wounded.
You constrict the orc wizard. The orc completely misses you.
The orc wizard struggles to escape constriction.
The orc wizard gestures wildly while chanting.
The orc wizard flickers and vanishes!
Deactivating autopickup; reactivate with Ctrl-A.
As you read the scroll labelled COOVUAME BAKH, it crumbles to dust.
The creatures around you are filled with an inner flame!
It was a scroll of immolation.
You constrict something.
Flame seeps out of something.
Sif Muna accepts your kill.
Reactivating autopickup.
You feel a bit more experienced.
The orc wizard explodes!
The fiery explosion engulfs the orc!!
Sif Muna accepts your kill.
The fiery explosion engulfs the orc!!
Sif Muna accepts your kill. The fiery explosion engulfs you!!!
Ouch! That really hurt!
You die...

.# .# .# .# ###.#
## §)S# #. #○§# #.#
#@§# ###.##########
#..#
...........#.###..#
..............##..#
###....###.....#..#
# ###.## ##...#...#
# #.# #.......# #
#.## #...#..##
#####..###........#


You could see an adder (inner flame).

Vanquished Creatures
  An orc wizard (D:3)
  An adder (D:2)
  A dart slug (D:2)
  2 orcs (D:3)
  6 bats
  An endoplasm (D:1)
  3 giant cockroaches
  7 goblins
  4 hobgoblins
  A quokka (D:2)
  3 ball pythons
  4 frilled lizards
  4 kobolds (D:1)
  11 rats
49 creatures vanquished.

Notes
Turn   | Place    | Note
-------+----------+-------------------------------------------
     0 | D:1      | mkat the Octopode Wanderer began the quest for the Orb.
     0 | D:1      | mkat set off with the following items: a +2 dagger, a
                  | potion of brilliance, 2 scrolls of teleportation; and the
                  | following spell memorised: Kiss of Death; and the following
                  | spells available to memorise: Mephitic Cloud.
     0 | D:1      | Reached XP level 1. HP: 11/11 MP: 3/3
   198 | D:1      | Reached XP level 2. HP: 17/17 MP: 5/5
   273 | D:1      | Reached skill level 6 in Stealth
   288 | D:1      | Learned a level 1 spell: Magic Dart
   474 | D:1      | Reached XP level 3. HP: 21/21 MP: 6/6
  1295 | D:3      | Reached skill level 7 in Stealth
  1295 | D:3      | Found a shimmering blue altar of Sif Muna.
  1329 | D:3      | Became a worshipper of Sif Muna the Loreminder
  1402 | D:3      | Killed by an exploding orc wizard... ignited by their inner
                  | flame

Illustrated notes

Levels and vault maps discovered:
D:1:      dpeg_arrival_rooms_with_view, layout_basic, minmay_rat_gold_closets
D:2:      layout_rooms
D:3:      minmay_spotlight, layout_loops_ring, mainiacjoe_overflow_brackets

Skill      XL: |  1  2  3 |
---------------+----------+-----
Stealth        | 6 7 |  7.0
Fighting       | |  0.2
Short Blades   | |  0.8
Spellcasting   | |  2.0
Conjurations   | |  3.2
Invocations    | |  1.0

Action                     || total
---------------------------++-------
  Melee: Dagger            ||    37
         Constrict         ||    13
         Short sword       ||    26
         Tentacles         ||     3
         Punch             ||     1
   Cast: Magic Dart        ||    11
    Use: Scroll            ||     4
   Stab: Sleeping          ||    20
         Distracted        ||     2
 Armour: Skin              ||     7
  Dodge: Dodged            ||    21
